 Dungeon Crawl Stone Soup version 0.19-a0-1361-g42bf4bf (webtiles) character file.

323 RonnieColeman the Conjurer (level 6, 0/32 HPs)
             Began as a Deep Elf Conjurer on Sept 1, 2016.
             Slain by Pikel
             ... wielding a +2 whip of flaming
              (3 damage)
             ... on level 4 of the Dungeon.
             The game lasted 00:07:13 (3518 turns).

RonnieColeman the Conjurer (Deep Elf Conjurer)      Turns: 3518, Time: 00:07:14

Health: 0/32       AC:  2    Str:  5    XL:     6   Next: 23%
Magic:  16/16      EV: 13    Int: 22    God:
Gold:   192        SH:  0    Dex: 15    Spells: 3 memorised, 6 levels left

rFire  . . .     SeeInvis .     h - +2 short sword (venom)
rCold  . . .     Gourm    .     a - +0 robe
rNeg   . . .     Faith    +     (no shield)
rPois  .         Spirit   .     (no helmet)
rElec  .         Dismiss  .     (no cloak)
rCorr  .         Reflect  .     (no gloves)
MR     +....     Harm     .     (no boots)
Stlth  ++........               q - amulet of faith
                                (no ring)
                                r - ring of protection from magic

@: no status effects
A: no striking features
a: no special abilities


You were on level 4 of the Dungeon.
You were not hungry.

You visited 1 branch of the dungeon, and saw 4 of its levels.

You collected 192 gold pieces.

Inventory:

Hand Weapons
 d - a +0 club
 h - a +2 short sword of venom (weapon)
Armour
 a - a +0 robe (worn)
Jewellery
 q - an amulet of faith (around neck)
 r - a ring of protection from magic (left hand)
Wands
 k - a wand of random effects (26/48)
 o - a wand of flame (22/48)
Scrolls
 e - a scroll of enchant armour {unknown}
 f - 4 scrolls of identify {unknown}
 i - 2 scrolls of noise {unknown}
 u - a scroll of teleportation {unknown}
 v - a scroll of enchant weapon {unknown}
Potions
 n - a potion of curing {unknown}
 p - 2 potions of brilliance {unknown}
 s - a potion of heal wounds {unknown}
Books
 b - a book of Conjurations

   Spells                             Type                      Level
   a - Magic Dart                     Conjuration                  1
   b - Searing Ray                    Conjuration                  2
   c - Dazzling Spray                 Conjuration/Hexes            3
   d - Fulminant Prism                Conjuration/Hexes            4
   e - Iskenderun's Mystic Blast      Conjuration                  4
   f - Iskenderun's Battlesphere      Conjuration/Charms           5
Comestibles
 c - 3 bread rations
 g - 3 meat rations
 j - a beef jerky
 l - 3 fruits
 t - 3 chunks of flesh


   Skills:
 - Level 2.4 Dodging
 - Level 2.4 Stealth
 + Level 5.5 Spellcasting
 * Level 6.9 Conjurations
 * Level 2.3 Charms


You had 6 spell levels left.
You knew the following spells:

 Your Spells              Type           Power        Failure   Level  Hunger
a - Magic Dart            Conj           ####         1%          1    None
b - Iskenderun's Battles  Conj/Chrm      ####....     38%         5    #####..
c - Iskenderun's Mystic   Conj           #####...     8%          4    ####...


Dungeon Overview and Level Annotations

Branches:
Dungeon (4/15)
 Temple: D:4-7

Altars:
Yredelemnul

Annotations:
D:4 Eustachio, Pikel


Message History

You can't see any susceptible monsters within range! (Use Z to cast anyway.)
You see here a giant cockroach corpse.
You butcher the giant cockroach corpse.
t - 3 chunks of flesh (gained 1)
There is a stone staircase leading down here.
You climb downwards.
Level annotation: Eustachio, Pikel The slave shouts!
Pikel shouts!
The slave hits you. The slave hits you! The slave misses you.
Pikel barely misses you. The slave closely misses you.
You hear a shout!
There is a stone staircase leading up, spattered with blood here.
As you read the scroll labeled ASCHOU QIEN, it crumbles to dust.
The scroll dissolves into smoke.
It was a scroll of fog.
The slave hits you!
* * * LOW HITPOINT WARNING * * *
Pikel cracks his whip.
Pikel hits you with a whip of flaming.
* * * LOW HITPOINT WARNING * * *
Pikel burns you.
You die...

#......##♣... #.
#...>...# .... #.
#.......##♣..|. #[
#.....#..# ♣... #.
###...#..### ###.
######....### ####...
... #......######......
.....#p§§...............
.....'p@K...#...........
.....#§§§...#...........
... #......#...........
######......##########..
............#...######..
............'...........
............#...........
......<.....###########.
...........@..........##


You could see Pikel and 2 slaves.

Vanquished Creatures
  A slave (D:3)
  A howler monkey (D:4)
  A hound (D:3)
  A worker ant (D:4)
  Natasha (thrice) (D:2)
  A hound skeleton (D:4)
  3 gnolls (D:3)
  3 adders
  An ooze (D:1)
  A worm (D:2)
  4 dart slugs (D:1)
  4 giant geckos
  10 orcs
  2 bats (D:1)
  5 giant cockroaches
  5 goblins
  5 hobgoblins
  4 jackals
  2 kobolds
  A quokka (D:3)
  A giant newt (D:3)
  6 rats
65 creatures vanquished.

Notes
Turn   | Place    | Note
-------+----------+-------------------------------------------
     0 | D:1      | RonnieColeman the Deep Elf Conjurer began the quest for the Orb.
     0 | D:1      | Reached XP level 1. HP: 10/10 MP: 6/6
   119 | D:1      | Reached XP level 2. HP: 6/15 MP: 4/8
   183 | D:1      | Reached skill level 5 in Conjurations
   465 | D:1      | Reached XP level 3. HP: 19/19 MP: 8/10
  1019 | D:2      | Noticed Natasha
  1021 | D:2      | Killed Natasha
  1021 | D:2      | Reached XP level 4. HP: 24/24 MP: 10/12
  1030 | D:2      | Learned a level 4 spell: Iskenderun's Mystic Blast
  1189 | D:2      | Noticed Natasha
  1194 | D:2      | Killed Natasha
  1524 | D:2      | Noticed Natasha
  1528 | D:2      | Killed Natasha
  1528 | D:2      | Reached skill level 6 in Conjurations
  1693 | D:3      | Reached XP level 5. HP: 28/28 MP: 10/14
  1726 | D:3      | Learned a level 5 spell: Iskenderun's Battlesphere
  1783 | D:3      | Reached skill level 5 in Spellcasting
  2496 | D:3      | Reached skill level 1 in Charms
  2715 | D:4      | Reached XP level 6. HP: 27/32 MP: 8/16
  2790 | D:4      | Found a basalt altar of Yredelemnul.
  2941 | D:4      | Noticed a slave
  2964 | D:4      | Noticed Pikel
  2965 | D:4      | Noticed a slave
  2966 | D:4      | Noticed a slave
  2967 | D:4      | Noticed a slave
  3046 | D:4      | Noticed Eustachio
  3375 | D:3      | Killed a slave
  3518 | D:4      | Slain by Pikel

Vault maps used:
D:1:      minmay_arrival_doors, minivault_24, serial_bayou_lake_a
D:2:      uniq_natasha
D:3:      first_bread
D:4:      kennysheep_ying_yang, nrook_loot_triangle, uniq_pikel, uniq_eustachio

Skill      XL: |  1  2  3  4  5  6 |
---------------+-------------------+-----
Conjurations   | 5 6 |  6.9
Spellcasting   | 4 5 |  5.5
Charms         | 1 2 |  2.3
Dodging        | |  2.4
Stealth        | |  2.4

Action                   |  1- 3 |  4- 6 || total
-------------------------+-------+-------++-------
Melee: Short sword       |     7 |    23 ||    30
       Club              |     1 |       ||     1
 Cast: Magic Dart        |    45 |    95 ||   140
       Iskenderun's Myst |       |     9 ||     9
  Use: Scroll            |       |     1 ||     1
 Stab: Sleeping          |     1 |     1 ||     2
       Distracted        |       |     1 ||     1
  Eat: Chunk             |       |     9 ||     9
Armor: Robe              |       |     6 ||     6
Dodge: Dodged            |     8 |    21 ||    29
